 Dungeon Crawl Stone Soup version 0.25.1-2-g60ff931df9 (webtiles) character file.

Game seed: 17180465858339015988

105 Descartes the Chiller (level 4, -1/24 HPs)
             Began as a Deep Elf Ice Elementalist on Nov 15, 2020.
             Slain by an orc
             ... wielding a +0 war axe
              (6 damage)
             ... on level 3 of the Dungeon.
             The game lasted 00:05:13 (2456 turns).

Descartes the Chiller (Deep Elf Ice Elementalist)   Turns: 2456, Time: 00:05:15

Health: -1/24      AC:  2    Str:  5    XL:     4   Next: 54%
Magic:  12/12      EV: 13    Int: 21    God:
Gold:   69         SH:  0    Dex: 15    Spells: 7/11 levels left

rFire    + . .     SeeInvis .   o - +0 quarterstaff
rCold    + . .     Gourm    .   (shield currently unavailable)
rNeg     . . .     Faith    .   a - +0 robe
rPois    .         Spirit   .   (no helmet)
rElec    .         Reflect  .   j - scarf {rC+ rF+}
rCorr    .         Harm     .   (no gloves)
MR       .....                  (no boots)
Stlth    ++........             (no amulet)
HPRegen  0.08/turn              (no ring)
MPRegen  0.13/turn              (no ring)

@: mighty
A: no striking features
a: no special abilities


You were on level 3 of the Dungeon.
You were not hungry.

You visited 1 branch of the dungeon, and saw 3 of its levels.

You collected 69 gold pieces.

Inventory:

Hand Weapons
 e - a +0 dagger
 o - a +0 quarterstaff (weapon)
Missiles
 d - 94 stones (quivered)
 p - 11 bolts
 q - 6 boomerangs
Armour
 a - a +0 robe (worn)
 j - a scarf of resistance (worn)
 s - a cursed -2 ring mail
Scrolls
 b - 2 scrolls of blinking {unknown}
 g - a scroll of immolation {unknown}
 k - a scroll of teleportation {unknown}
 n - a scroll of random uselessness {unknown}
 t - a scroll of identify {unknown}
Potions
 i - a potion of invisibility {unknown}
 l - a potion of brilliance {unknown}
 m - a potion of lignification {unknown}
 r - a potion of curing {unknown}
Comestibles
 c - 5 rations
 f - 3 chunks of flesh


   Skills:
 + Level 3.3 Dodging
 + Level 3.4 Stealth
 + Level 4.0 Spellcasting
 * Level 5.3 Ice Magic


You had 7 spell levels left.
You knew the following spells:

 Your Spells              Type           Power        Failure   Level  Hunger
a - Freeze                Ice            ####         1%          1    None
b - Frozen Ramparts       Ice            ####..       4%          3    ###....

Your spell library contained the following spells:

 Spells                   Type           Power        Failure   Level  Hunger
 Ozocubu's Armour         Chrm/Ice       ###.....     12%         3    ###....
 Hailstorm                Conj/Ice       ###.....     36%         4    ####...
 Summon Ice Beast         Ice/Summ       ###.....     36%         4    ####...


Dungeon Overview and Level Annotations

Branches:
Dungeon (3/15)

Altars:


Message History

There are monsters nearby!
You're too confused to cast spells.
You can't go up here!
Unknown command.
You miss the orc. The leopard gecko barely misses you.
An orc comes into view.
The orc throws a boomerang.
The weapon returns to the orc!
The orc wizard mumbles some strange words.
The orc wizard flickers and vanishes!
The orc misses you.
You closely miss something.
The leopard gecko bites you but does no damage.
Something hits you. The leopard gecko bites you.
The orc hits you with a +0 war axe.
It was a potion of might.
You feel very mighty all of a sudden.
You feel less confused. Something hits you.
* * * LOW HITPOINT WARNING * * *
The leopard gecko bites you but does no damage.
The orc hits you with a +0 war axe.
You die...

#.# #.# #.#
#.# #.#
#######.#
##.......#
##....%..o##
#........l@#
#.....<..o{#
#.%.......o#
#...........?.
#...<......###
##........##
#.........
..........#
#..........#


You could see 3 orcs and a leopard gecko.

Vanquished Creatures
  3 adders (D:2)
  An ooze (D:1)
  4 worms (D:2)
  3 dart slugs
  A leopard gecko (D:1)
  A ball python (D:2)
  7 bats
  4 giant cockroaches
  4 goblins
  8 hobgoblins
  2 jackals (D:1)
  6 kobolds
  A quokka (D:2)
  5 frilled lizards
  5 rats
55 creatures vanquished.

Notes
Turn   | Place    | Note
-------+----------+-------------------------------------------
     0 | D:1      | Descartes the Deep Elf Ice Elementalist began the quest for
                  | the Orb.
     0 | D:1      | Reached XP level 1. HP: 10/10 MP: 6/6
   385 | D:1      | Reached XP level 2. HP: 15/15 MP: 6/8
   699 | D:1      | Reached XP level 3. HP: 18/19 MP: 5/10
   906 | D:1      | Learned a level 3 spell: Frozen Ramparts
  1206 | D:2      | Reached skill level 5 in Ice Magic
  1551 | D:2      | Reached XP level 4. HP: 22/24 MP: 8/11
  2456 | D:3      | Slain by an orc

Illustrated notes

Levels and vault maps discovered:
D:1:      dpeg_arrival_simpleton_a, layout_basic, hangedman_decor_opposing
D:2:      layout_loops_ring, first_ration
D:3:      layout_rooms, overflow_temple_1_default, lemuel_crystal_altar,
          elyvilon_altar_3, dancing_weapons_uskayaw, serial_curves,
          eino_curves_04, eino_curves_02, eino_curves_04,
          uniq_crazy_yiuf_cottage, uniq_natasha

Skill      XL: |  1  2  3  4 |
---------------+-------------+-----
Stealth        | 3 |  3.4
Dodging        | 3 |  3.3
Ice Magic      | 5 |  5.3
Spellcasting   | 4 |  4.0

Action                   |  1- 3 |  4- 6 || total
-------------------------+-------+-------++-------
Melee: Unarmed           |     4 |       ||     4
       Dagger            |     4 |       ||     4
       Quarterstaff      |       |     8 ||     8
 Cast: Freeze            |    52 |    18 ||    70
       Frozen Ramparts   |     4 |     3 ||     7
  Use: Potion            |       |     1 ||     1
  Eat: Chunk             |     2 |     3 ||     5
Armor: Robe              |     8 |     5 ||    13
Dodge: Dodged            |    42 |    19 ||    61
